 Dungeon Crawl Stone Soup version 0.30-a0-756-gc2185399d4 (webtiles) character file.

Game seed: 13118945077417763103

1337 Leeroy the Thaumaturge (level 8, 0/33 (40) HPs)
             Began as a Vine Stalker Warper on Feb 9, 2023.
             Succumbed to a kobold brigand's poison
             ... on level 7 of the Dungeon.
             The game lasted 00:08:05 (4322 turns).

Leeroy the Thaumaturge (Vine Stalker Warper)        Turns: 4322, Time: 00:08:06

HP:   0/33 (40)     AC:  5    Str: 27    XL:     8   Next: 61%
MP:   4/21          EV: 12    Int: 13    God:
Gold: 299           SH:  0    Dex: 15    Spells: 12/23 levels left

rFire   . . .      SeeInvis .    H - +2 dagger (elec)
rCold   . . .      Faith    .    (no shield)
rNeg    . . .      Spirit   +    b - +0 leather armour
rPois   .          Reflect  .    y - +0 helmet
rElec   .          Harm     .    B - +0 cloak
rCorr   .          Rampage  .    (no gloves)
Will    +....                    (no boots)
Stlth   +                        i - amulet of magic regeneration
HPRegen 1.05/turn                o - +6 ring of strength
MPRegen 0.57/turn                s - +6 ring of strength

@: lethally poisoned (0 -> -8), very slightly contaminated, heavily drained
A: fangs 3, regeneration 1, magic shield, antimagic bite, no potion heal 2
a: no special abilities


You were on level 7 of the Dungeon.
You visited 1 branch of the dungeon, and saw 7 of its levels.

You collected 299 gold pieces.

Inventory:

Hand Weapons
 a - a +0 falchion
 f - a +0 sling of flaming
 v - the +9 war axe of the Secret Tusks {drain, Fragile Will+++ MP-9 Int+6}
   (You found it on level 2 of the Dungeon)

   Int:       It affects your intelligence (+6).
   MP:        It affects your magic capacity (-9).
   Fragile:   It will be destroyed if unequipped.
   Will:      It greatly increases your willpower.
 x - a +0 dagger
 H - a +2 dagger of electrocution (weapon)
Missiles
 d - 7 boomerangs of dispersal
 e - 19 poisoned darts
 n - 4 silver javelins (quivered)
 z - 3 boomerangs
 F - a throwing net
Armour
 b - a +0 leather armour (worn)
 y - a +0 helmet (worn)
 B - a +0 cloak (worn)
Jewellery
 i - an amulet of magic regeneration (around neck)
 o - a +6 ring of strength (left hand)
 s - a +6 ring of strength (right hand)
 w - a ring of protection from fire
Wands
 m - a wand of flame (26)
 E - a wand of digging (7)
Scrolls
 c - a scroll of blinking
 k - 3 scrolls of fog
 r - a scroll of teleportation
 t - 2 scrolls of amnesia
 A - a scroll of vulnerability
 C - a scroll of magic mapping
 D - a scroll of acquirement
 I - a scroll of immolation {unknown}
 J - 2 scrolls of enchant weapon {unknown}
 K - 2 scrolls of enchant armour {unknown}
Potions
 g - 2 potions of lignification {unknown}
 h - 4 potions of heal wounds {unknown}
 j - a potion of might {unknown}
 l - 2 potions of degeneration {unknown}
 p - 2 potions of ambrosia {unknown}
 q - 2 potions of cancellation {unknown}
 u - 9 potions of curing {unknown}
 G - 2 potions of invisibility


   Skills:
 + Level 3.5 Fighting
 - Level 5.1 Long Blades
 - Level 0.8 Throwing
 - Level 0.7 Armour
 - Level 1.5 Dodging
 - Level 8.3 Spellcasting
 - Level 3.0 Translocations


You had 12 spell levels left.
You knew the following spells:

 Your Spells              Type           Power      Damage    Failure   Level
a - Blink                 Tloc           26%        N/A       6%          2
b - Wereblood             Tmut           5%         N/A       22%         2
c - Vhi's Electric Charg  Tloc/Air       18%        N/A       24%         3
d - Manifold Assault      Tloc           13%        N/A       38%         4

Your spell library contained the following spells:

 Spells                   Type           Power      Damage    Failure   Level
 Lesser Beckoning         Tloc           26%        N/A       6%          2
 Teleport Other           Tloc           13%        N/A       13%         3
 Freeze                   Ice            20%        1d4       14%         1
 Sublimation of Blood     Necr           5%         N/A       22%         2
 Frozen Ramparts          Ice            10%        1d2       41%         3
 Hailstorm                Conj/Ice       5%         3d4       41%         3
 Summon Hydra             Summ           2%         N/A       100%        7


Dungeon Overview and Level Annotations

Branches:
Dungeon (7/15)
 Temple: D:4-7

Altars:
Cheibriados
Dithmenos
Elyvilon
Gozag
Wu Jian
The Shining One

Shops:
D:6 [

Annotations:
D:3 Edmund


Innate Abilities, Weirdness & Mutations

You have razor-sharp teeth.
Your natural rate of healing is unusually fast.
When hurt, damage is shared between your health and your magic reserves.
Your bite disrupts and absorbs the magic of your enemies.
Potions cannot restore your health.


Message History

You closely miss the wight. You bite the wight, but do no damage.
The wight is almost destroyed.
The wight hits you with a +0 falchion.
You feel drained. The wight hits you with a +0 spear.
You feel drained. The wight closely misses you.
A kobold brigand comes into view.
It is wielding a +0 dagger and quivering poisoned darts.
The wight attacks as you move away! The wight hits you with a +0 falchion.
You feel drained.
A kobold comes into view. It is wielding a +0 dagger.
The kobold brigand shouts!
The kobold shouts!
You hear a shout!
A kobold comes into view. It is wielding a +0 dagger of venom.
The wight attacks as you move away! The wight hits you with a +0 falchion.
You feel drained. 2 kobolds come into view.
The kobold shouts! x3
The kobold throws a stone.
The stone closely misses you.
The kobold brigand throws a poisoned dart.
The poisoned dart hits you!
You are poisoned.
The kobold moves out of view.
Okay, then.
Casting: Blink (safe; 6% risk of failure)
Confirm with . or Enter, or press ? or * to list all spells.
You miscast Blink.
You are very lightly contaminated with residual magic.
Nothing appears to happen.
You feel sick. The wight hits you with a +0 falchion.
The wight hits you from afar with a +0 spear.
The wight attacks as you move away! The wight hits you with a +0 falchion!
* * * LOW HITPOINT WARNING * * *
You feel sick.
The kobold brigand throws a poisoned dart.
The poisoned dart hits you!
You are lethally poisoned!
Okay, then.
Okay, then.
Blink to where?
Press: ? - help, Dir - move target
As you read the scroll of blinking, it crumbles to dust.
You die...

... #. ..# #.
..###.. #### .....#
#..# #....# ##..##
#....# ####....##
#...######.........
#.@........#####...
##.......### ##..
#......## ##.
##.....## ##
#.......## #
#...###.z.#
).....## ###z##
#.#... ##ยง# # #..
##..#


You could see 2 wights.

Vanquished Creatures
  An orc warrior (D:5)
  2 phantoms
  2 bullfrogs
  2 necrophages
  A scorpion (D:4)
  3 howler monkeys
  3 hounds
  A gnoll bouda (D:6)
  4 orc priests
  6 iguanas
  Ijyb (D:3)
  An orc wizard (D:5)
  Robin (D:2)
  9 gnolls
  5 adders
  An ufetubus (D:4)
  2 worms
  A dart slug (D:5)
  7 orcs
  8 ball pythons
  4 endoplasms
  5 giant cockroaches
  9 goblins
  7 hobgoblins
  7 jackals (D:3)
  A quokka (D:4)
  2 bats
  3 frilled lizards (D:3)
  5 kobolds
  4 rats
108 creatures vanquished.

Notes
Turn   | Place    | Note
-------+----------+-------------------------------------------
     0 | D:1      | Leeroy the Vine Stalker Warper began the quest for the Orb.
     0 | D:1      | Reached XP level 1. HP: 11/11 MP: 4/4
   172 | D:1      | Reached XP level 2. HP: 10/15 MP: 6/6
   472 | D:1      | Found a faded altar of an unknown god.
   474 | D:1      | Found a faded altar of an unknown god.
   655 | D:1      | Learned a level 2 spell: Blink
   873 | D:2      | Reached XP level 3. HP: 17/18 MP: 7/7
   942 | D:2      | Found a glowing golden altar of the Shining One.
  1007 | D:2      | Identified the +9 war axe of the Secret Tusks {drain,
                  | Fragile Will+++ MP-9 Int+6}
  1125 | D:2      | Noticed Robin
  1137 | D:2      | Killed Robin
  1138 | D:2      | Gained mutation: Your natural rate of healing is unusually
                  | fast. [Vine Stalker growth]
  1138 | D:2      | Reached XP level 4. HP: 9/23 MP: 6/8
  1258 | D:2      | Learned a level 2 spell: Wereblood
  1262 | D:2      | Learned a level 3 spell: Vhi's Electric Charge
  1541 | D:3      | Found a snail-covered altar of Cheibriados.
  1592 | D:3      | Found an ornate altar of the Wu Jian Council.
  2118 | D:4      | Noticed Ijyb
  2118 | D:4      | Noticed Edmund
  2140 | D:3      | Killed Ijyb
  2141 | D:3      | Reached XP level 5. HP: 26/26 MP: 9/9
  2316 | D:3      | Reached skill level 5 in Long Blades
  2396 | D:4      | Reached skill level 3 in Spellcasting
  2396 | D:4      | Reached XP level 6. HP: 24/30 MP: 10/12
  2451 | D:4      | Reached skill level 4 in Spellcasting
  2576 | D:4      | Learned a level 4 spell: Manifold Assault
  2747 | D:4      | Reached skill level 5 in Spellcasting
  2747 | D:4      | Reached XP level 7. HP: 30/34 MP: 15/15
  2812 | D:5      | Entered Level 5 of the Dungeon
  2977 | D:5      | Reached skill level 6 in Spellcasting
  3113 | D:5      | Reached skill level 7 in Spellcasting
  3143 | D:5      | Gained mutation: You have razor-sharp teeth. [Vine Stalker
                  | growth]
  3143 | D:5      | Reached XP level 8. HP: 22/38 MP: 11/19
  3594 | D:6      | Reached skill level 8 in Spellcasting
  3674 | D:6      | Found Neothyle's Antique Armour Boutique.
  3749 | D:6      | Found a shadowy altar of Dithmenos.
  3777 | D:6      | Found an opulent altar of Gozag.
  3922 | D:6      | Found a white marble altar of Elyvilon.
  4273 | D:7      | Identified a scroll of acquirement
  4322 | D:7      | Succumbed to a kobold brigand's poison

Illustrated notes

Levels and vault maps discovered:
D:1:      dpeg_arrival_rhombi, layout_loops_ring,
          hellmonk_ecumenical_altar_the_god_not_taken
D:2:      layout_basic, basic_altar, uniq_robin
D:3:      layout_basic, slow_altar_1, nicolae_wu_jian_wuxing_cycle
D:4:      layout_rooms, uniq_ijyb, uniq_edmund
D:5:      layout_cave_pools
D:6:      layout_basic, nicolae_gozag_cash_rules_everything_around_me,
          grunt_dithmenos_smoke_and_mirrors, nicolae_overflow_crystal_walls,
          serial_shops, shop
D:7:      layout_layer_cave, minitemple, minmay_temple_entry_trees,
          corexii_corridor_pit

Skill      XL: |  1  2  3  4  5  6  7  8 |
---------------+-------------------------+-----
Long Blades    | 2 3 4 5 |  5.1
Spellcasting   | 3 5 7 8 |  8.3
Fighting       | 3 |  3.5
Throwing       | |  0.8
Armour         | |  0.7
Dodging        | |  1.5
Translocations | |  3.0

Action                     |  1- 3 |  4- 6 |  7- 9 || total
---------------------------+-------+-------+-------++-------
  Melee: Falchion          |    61 |   149 |       ||   210
         Punch             |     2 |     2 |     2 ||     6
         Bite              |    10 |    40 |    58 ||   108
         Dagger            |       |    29 |   167 ||   196
   Fire: Sling             |     7 |       |       ||     7
  Throw: Javelin           |       |     1 |       ||     1
   Cast: Blink             |       |     1 |     1 ||     2
    Use: Scroll            |       |       |     7 ||     7
   Stab: Sleeping          |       |     2 |     1 ||     3
 Armour: Leather armour    |    15 |    42 |    34 ||    91
  Dodge: Dodged            |    45 |   129 |   129 ||   303

Table legend: (Time is in decaauts)
 A = Elapsed time spent in this place.
 B = Non-inter-level travel time spent in this place.
 C = Inter-level travel time spent in this place.
 D = Time resting spent in this place.
 E = Time spent auto-exploring this place.
 F = Levels seen in this place.
 G = Mean time per level.
                   A        B        C        D        E       F      G
               +--------+--------+--------+--------+--------+-----+--------+
         Total |   4317 |   3969 |    348 |    123 |   2897 |   7 |  616.7 |
       Dungeon |   4317 |   3969 |    348 |    123 |   2897 |   7 |  616.7 |
               +--------+--------+--------+--------+--------+-----+--------+

Top non-repeatable levels by time:
     D:3: 859 daAuts
     D:6: 812 daAuts
     D:1: 799 daAuts
     D:4: 734 daAuts
     D:2: 561 daAuts
     D:5: 476 daAuts
     D:7: 73 daAuts
